Map: Ruins of Endion

Players

Bunny

  • Race: Terran Terran

PtitDrogo - Winner!

  • Race: Protoss Protoss

Event: DreamHack Open Tours WCS Spring Championship

VOD

Have the link to the VOD?

Description

Time

  • Played on: May 14, 2016, 9:42 a.m.
  • Length: 8:00

All games in this series

Show
View Real Time Build Order
Export as new Build Order

Bunny Terran 

Build Orders: Liberator Opening, Reaper Expand 

Get SALT Encoding   

  12  0:00  SCV  
  13  0:12  SCV  
  14  0:17  Supply Depot  
  14  0:24  SCV  
  15  0:39  SCV  
  15  0:40  Barracks  
  16  0:43  Refinery  
  16  0:51  SCV  
  17  1:03  SCV  
  18  1:15  SCV  
  19  1:28  Orbital Command, Reaper  
  20  1:39  Command Center  
  20  1:49  Refinery  
  20  1:53  SCV  
  21  1:56  Supply Depot  
  21  2:00  Barracks Reactor  
  21  2:06  SCV  
  22  2:17  Factory  
  22  2:18  SCV  
  23  2:30  SCV  
  23  2:36  Marine x2  
  26  2:42  SCV  
  27  2:51  Orbital Command  
  27  2:53  Marine  
  27  2:54  SCV, Marine  
  30  3:01  Starport, Factory Tech Lab  
  30  3:06  SCV  
  30  3:11  Marine x2  
  33  3:17  SCV  
  33  3:18  SCV  
  33  3:19  Cyclone  
  38  3:29  SCV  
  38  3:30  SCV  
  40  3:35  Liberator  
  40  3:37  Command Center  
  40  3:41  SCV  
  40  3:42  SCV  
  40  3:47  Supply Depot  
  42  3:53  SCV  
  42  3:55  Marine  
  46  4:03  Supply Depot  
  46  4:09  SCV x2, Marine, Siege Tank  
  52  4:13  Marine  
  53  4:21  SCV  
  53  4:22  Supply Depot  
  54  4:24  SCV  
  54  4:27  Marine  
  56  4:33  SCV, Barracks  
  56  4:34  Barracks  
  56  4:36  SCV  
  58  4:41  Marine  
  58  4:42  Liberator  
  58  4:43  Bunker  
  58  4:44  Marine  
  58  4:45  Siege Tank  
  63  4:48  SCV  
  63  4:50  SCV  
  65  4:54  Orbital Command  
  68  5:00  SCV  
  68  5:05  Marine x2  
  72  5:07  SCV  
  72  5:09  Refinery  
  71  5:19  SCV  
  66  5:24  Marine x2  
  55  5:33  SCV  
  41  5:37  Marine x2, Siege Tank  
  41  5:41  Marine  
  20  6:12  SCV  
  20  6:14  SCV  
  20  6:18  SCV  
  23  6:24  SCV  
  24  6:26  SCV  
  24  6:30  SCV  
  26  6:39  SCV  
  24  6:42  Marine x2  
  24  6:43  Marine  
  24  6:44  Marine  
  27  6:58  Orbital Command  
  27  6:59  Siege Tank  
  27  7:00  Marine x2  
  31  7:01  SCV, Marine  
  31  7:04  SCV  
  31  7:07  Marine  
  32  7:18  Marine x2  
  32  7:19  Marine  
  36  7:22  SCV  
  36  7:23  SCV  
  36  7:26  SCV  
  38  7:34  SCV  
  39  7:37  SCV  
  39  7:38  SCV  
  39  7:40  Barracks Tech Lab  
  41  7:47  SCV  
Show
View Real Time Build Order
Export as new Build Order

PtitDrogo Protoss - Winner!

Build Orders: 1 Gate Expand 

Get SALT Encoding   

  12  0:01  Probe (Chrono Boost)  
  13  0:11  Probe (Chrono Boost)  
  14  0:18  Pylon  
  14  0:22  Probe (Chrono Boost)  
  15  0:36  Probe (Chrono Boost), Gateway  
  15  0:41  Assimilator  
  16  0:46  Probe (Chrono Boost)  
  18  0:57  Probe (Chrono Boost)  
  18  1:07  Probe (Chrono Boost)  
  19  1:18  Nexus  
  19  1:27  Cybernetics Core  
  19  1:30  Probe (Chrono Boost)  
  20  1:35  Assimilator  
  20  1:41  Probe (Chrono Boost)  
  20  1:45  Pylon  
  21  1:51  Probe (Chrono Boost)  
  22  2:02  Probe (Chrono Boost)  
  22  2:03  Adept (Chrono Boost)  
  22  2:04  Warp Gate  
  25  2:14  Probe  
  26  2:17  Robotics Facility  
  26  2:26  Probe (Chrono Boost)  
  26  2:27  Adept (Chrono Boost)  
  29  2:32  Probe (Chrono Boost)  
  30  2:39  Probe (Chrono Boost)  
  31  2:46  Probe (Chrono Boost), Twilight Council  
  31  2:49  Probe (Chrono Boost)  
  33  2:56  Probe (Chrono Boost)  
  34  2:59  Adept  
  34  3:00  Probe (Chrono Boost)  
  38  3:05  Observer  
  38  3:07  Probe (Chrono Boost)  
  38  3:10  Probe (Chrono Boost)  
  40  3:15  Gateway  
  40  3:16  Resonating Glaives (Chrono Boost)  
  40  3:17  Probe (Chrono Boost)  
  41  3:21  Probe (Chrono Boost)  
  41  3:23  Gateway  
  42  3:30  Probe  
  43  3:38  Pylon  
  43  3:40  Warp Prism (Chrono Boost)  
  45  3:58  Gateway x2  
  45  3:59  Gateway  
  45  4:06  Gateway  
  45  4:09  Adept  
  47  4:10  Mothership Core  
  47  4:14  Pylon  
  49  4:26  Pylon  
  49  4:28  Pylon  
  49  4:38  Stalker x2  
  51  4:40  Adept  
  54  5:00  Adept x4  
  54  5:01  Adept x3  
  54  5:04  Pylon  
  68  5:21  Adept x4  
  68  5:22  Adept  
  76  5:30  Adept x2  
  70  5:39  Probe, Warp Prism  
  69  5:43  Probe  
  69  5:44  Blink (Chrono Boost)  
  62  5:51  Probe  
  62  5:55  Probe  
  56  6:03  Probe  
  45  6:06  Stalker x3  
  45  6:07  Probe, Stalker  
  54  6:12  Adept x2  
  54  6:13  Adept  
  54  6:16  Probe  
  61  6:20  Pylon  
  61  6:22  Probe  
  62  6:28  Probe  
  63  6:36  Nexus  
  63  6:43  Assimilator  
  63  6:45  Assimilator  
  63  6:55  Probe x2  
  65  7:02  Stalker x3  
  65  7:03  Adept x3  
  75  7:08  Probe  
  74  7:20  Adept  
  74  7:23  Stalker x2  
  74  7:24  Stalker  
  74  7:25  Probe x2  
  82  7:36  Stalker x2  
  86  7:39  Stalker  
  86  7:41  Stalker  
  86  7:44  Probe  
  91  7:49  Stalker  

Tags
 
Add a new tag
Caveats
  • Supply blocks, unpowered buildings, or Contaminate may cause inaccurate times.
  • Supply counts are checked every 10 seconds.